 Dungeon Crawl Stone Soup version 0.31-a0-441-g867994ef1c (webtiles) character file.

Game seed: 2947285496206431452

1341 jasper the Mimic (level 8, -4/37 HPs)
             Began as a Spriggan Hunter on Aug 2, 2023.
             Was an Initiate of Okawaru.
             Slain by Duvessa
             ... wielding a +0 short sword
              (17 damage)
             ... on level 6 of the Dungeon.
             The game lasted 00:08:05 (4972 turns).

jasper the Mimic (Spriggan Hunter)                  Turns: 4972, Time: 00:08:05

Health: -4/37      AC:  3    Str:  7    XL:     8   Next: 35%
Magic:  9/9        EV: 18    Int: 11    God:    Okawaru [......]
Gold:   196        SH:  0    Dex: 26    Spells: 7/7 levels left

rFire   . . .        a - +1 shortbow
rCold   . . .        (shield currently unavailable)
rNeg    . . .        c - +1 robe
rPois   .            (helmet currently unavailable)
rElec   .            (cloak currently unavailable)
rCorr   .            (gloves unavailable)
SInv    +            (boots unavailable)
Will    +....        (no amulet)
Stlth   ++++         k - +6 ring of dexterity
HPRegen 0.26/turn    (no ring)
MPRegen 0.11/turn

%: no passive effects
@: beast-form, very quick
A: beast (slay +6), very small, no large weapons, unfitting armour, see
invisible, speed 3
a: Begin Untransformation, Renounce Religion


You were on level 6 of the Dungeon.
You worshipped Okawaru.
Okawaru was noncommittal.
You were a hulking beast.
You visited 2 branches of the dungeon, and saw 7 of its levels.
You also visited: Ossuary.

You collected 232 gold pieces.
You spent 36 gold pieces at shops.

Inventory:

Hand Weapons
 a - a +1 shortbow (weapon)
 A - a +0 orcbow
Armour
 c - a +1 robe (worn)
 i - a +0 buckler
Jewellery
 k - a +6 ring of dexterity (left hand)
 m - a ring of wizardry
 r - an amulet of magic regeneration
Talismans
 p - a beast talisman (active)
Wands
 q - a wand of polymorph (8)
 B - a wand of roots (9)
Scrolls
 b - a scroll of butterflies
 h - 3 scrolls of amnesia {unknown}
 o - a scroll of vulnerability {unknown}
 v - 2 scrolls of fog
 w - a scroll of silence {unknown}
 x - 2 scrolls of enchant armour
 y - 3 scrolls of teleportation
Potions
 d - 2 potions of enlightenment
 e - 2 potions of degeneration
 f - 3 potions of lignification
 g - a potion of mutation
 j - 2 potions of resistance
 l - 3 potions of curing
 n - 3 potions of brilliance
 s - a potion of berserk rage
 t - 5 potions of attraction {unknown}
 u - a potion of ambrosia {unknown}
 z - a potion of cancellation {unknown}


   Skills:
 - Level 1.5 Fighting
 - Level 5.5 Ranged Weapons
 - Level 2.6 Dodging
 - Level 5.0 Stealth
 + Level 9.7 Shapeshifting


You had 7 spell levels left.
You didn't know any spells.
Your spell library contained the following spells:

 Spells                   Type           Power      Damage    Failure   Level
 Sandblast                Erth           0%         2d4       34%         1
 Passwall                 Tmut/Erth      0%         N/A       47%         2
 Stone Arrow              Conj/Erth      0%         3d7       71%         3


Dungeon Overview and Level Annotations

Branches:
Dungeon (6/15)             Temple (1/1) D:6         Ossuary (visited)

Altars:
Cheibriados
Dithmenos
Fedhas
Gozag
Hepliaklqana
Kikubaaqudgha
Makhleb
Nemelex Xobeh
Okawaru
Qazlal
Ru
Sif Muna
Uskayaw
Vehumet
Wu Jian
Xom
Yredelemnul
Zin
The Shining One

Shops:
D:2 !

Annotations:
D:2 Robin
D:4 3 runed translucent doors, LeprechaunX's ghost, amateur OpSh; randomguy2701's ghost, amateur MiFi
D:5 1 runed translucent door, 2 transporters, Crazy Yiuf
D:6 Duvessa


Innate Abilities, Weirdness & Mutations

You are a hulking beast.
Your limbs bulge with bestial killing power. (Slay +6)
You are very small and have problems with some larger weapons.
You are too small for most types of armour.
You have supernaturally acute eyesight. (SInv)
You cover ground extremely quickly. (Speed+++)


Message History

You shoot an arrow. The arrow barely misses Duvessa.
Aiming: Fastroot
Press: ? - help, Shift-Dir - straight line, f/p - Duvessa
Aim: Duvessa, wielding a +0 short sword and wearing a +0 scale mail (moderately wounded, berserk)
The roots erupt in riotous growth!
Roots grab Duvessa.
Roots grab the hound.
The grasping roots constrict Duvessa.
The grasping roots constrict the hound.
Duvessa struggles to escape constriction.
The hound struggles to escape constriction.
Duvessa escapes!
The roots lose their grip on something.
There is an open door here.
There is a staircase to the Ecumenical Temple here.
Aiming: Fastroot
Press: ? - help, Shift-Dir - straight line, f/p - Duvessa
Aim: Duvessa, wielding a +0 short sword and wearing a +0 scale mail (moderately wounded, berserk)
The roots erupt in riotous growth!
Roots grab Duvessa.
The grasping roots constrict Duvessa.
Duvessa struggles to escape constriction.
Fire: a) +1 shortbow
Press: ? - help, Q - select action, (/) - cycle Shift-Dir - straight line, f/p - Duvessa
Aim: Duvessa, wielding a +0 short sword and wearing a +0 scale mail (moderately wounded, berserk, constricted by roots, 95% to hit)
You shoot an arrow. The arrow hits Duvessa.
Duvessa is moderately wounded.
The grasping roots constrict Duvessa.
The roots release their grip on Duvessa.
Duvessa rages.
Duvessa hits you with a +0 short sword! The hound closely misses you.
You take 12 damage, and have 21/37 hp.
MASSIVE DAMAGE!!
Fire: a) +1 shortbow
Press: ? - help, Q - select action, (/) - cycle Shift-Dir - straight line, f/p - Duvessa
Aim: Duvessa, wielding a +0 short sword and wearing a +0 scale mail (moderately wounded, berserk, 78% to hit)
You shoot an arrow. The arrow hits Duvessa!
Duvessa is heavily wounded.
Duvessa barely misses you. The hound closely misses you.
Duvessa hits you with a +0 short sword!
You take 8 damage, and have 13/37 hp.
MASSIVE DAMAGE!!
Duvessa hits you with a +0 short sword!
You die...

..# #.# ... #.# #.#
##### ###.### ####...#
####### #......#
#.#####⌠.⌠#####..#...#
#..)..#he.#..........###
#######⌠h⌠#######.......
###'### ####..)...
###.### #......... #.#
#.........
#.######...)..###
#..#.h...).##.###
##.......[.......
###.........÷.#.


You could see Duvessa (berserk) and a hound.

Vanquished Creatures
  Sigmund (D:4)
  A sky beast (D:6)
  A centaur (D:5)
  An ogre (D:5)
  3 scorpions
  Dowan (D:6)
  2 jellies (D:4)
  5 hounds
  A gnoll bouda (D:6)
  3 iguanas
  14 mummies (Ossuary)
  7 gnolls (D:6)
  5 adders
  A shadow imp (D:5)
  A worm (D:4)
  2 dart slugs
  6 orcs
  6 endoplasms
  A giant cockroach (D:1)
  10 goblins
  14 hobgoblins
  5 quokkas
  6 ball pythons
  7 bats
  4 frilled lizards
  2 gnoll skeletons (Ossuary)
  3 goblin skeletons (Ossuary)
  6 kobolds
  2 kobold skeletons (Ossuary)
  An orc skeleton (Ossuary)
  5 rats
  11 rat skeletons (Ossuary)
138 creatures vanquished.

Notes
Turn   | Place    | Note
-------+----------+-------------------------------------------
     0 | D:1      | jasper the Spriggan Hunter began the quest for the Orb.
     0 | D:1      | Reached XP level 1. HP: 10/10 MP: 2/2
   145 | D:1      | Reached XP level 2. HP: 14/14 MP: 3/3
   490 | D:1      | Reached XP level 3. HP: 18/18 MP: 4/4
   627 | D:1      | Reached skill level 5 in Stealth
   772 | D:2      | Noticed Robin
   895 | D:2      | Found a shadowy altar of Dithmenos.
  1066 | D:2      | Found Muaz's Distillery.
  1078 | D:2      | Bought a potion of curing for 36 gold pieces
  1392 | D:3      | Reached XP level 4. HP: 22/22 MP: 5/5
  1397 | D:3      | Reached skill level 5 in Ranged Weapons
  1767 | D:3      | Reached XP level 5. HP: 25/25 MP: 6/6
  1995 | D:3      | Found an ornate altar of the Wu Jian Council.
  2032 | D:4      | Found a sand-covered staircase.
  2040 | Ossuary  | Entered an ossuary
  2083 | Ossuary  | Reached skill level 1 in Shapeshifting
  2193 | Ossuary  | Reached skill level 2 in Shapeshifting
  2393 | Ossuary  | Reached skill level 3 in Shapeshifting
  2443 | Ossuary  | Reached XP level 6. HP: 30/30 MP: 7/7
  2531 | Ossuary  | Reached skill level 4 in Shapeshifting
  2759 | D:4      | Found a runed translucent gate.
  2759 | D:4      | Found a runed translucent gate.
  2761 | D:4      | Found a runed translucent gate.
  2943 | D:4      | Reached skill level 5 in Shapeshifting
  2997 | D:4      | Found a glowing silver altar of Zin.
  2997 | D:4      | Noticed Sigmund
  3007 | D:4      | Killed Sigmund
  3008 | D:4      | Reached skill level 6 in Shapeshifting
  3008 | D:4      | Reached XP level 7. HP: 18/33 MP: 8/8
  3554 | D:4      | Noticed LeprechaunX's ghost (amateur OpSh)
  3554 | D:4      | Noticed randomguy2701's ghost (amateur MiFi)
  3582 | D:5      | Entered Level 5 of the Dungeon
  3808 | D:5      | Reached skill level 7 in Shapeshifting
  3913 | D:5      | Found a runed translucent door.
  3914 | D:5      | Noticed Crazy Yiuf
  4016 | D:5      | Found a transporter.
  4017 | D:5      | Noticed a wraith
  4020 | D:5      | Found a shimmering altar of Xom.
  4021 | D:5      | Noticed a two-headed ogre
  4112 | D:5      | Reached skill level 8 in Shapeshifting
  4298 | D:5      | Found a transporter.
  4625 | D:6      | Reached XP level 8. HP: 37/37 MP: 9/9
  4682 | D:6      | Found a staircase to the Ecumenical Temple.
  4715 | Temple   | Entered the Ecumenical Temple
  4743 | Temple   | Became a worshipper of Warmaster Okawaru
  4790 | D:6      | Found an opulent altar of Gozag.
  4811 | D:6      | Reached skill level 9 in Shapeshifting
  4891 | D:6      | Noticed Dowan
  4892 | D:6      | Noticed Duvessa
  4896 | D:6      | Killed Dowan
  4972 | D:6      | Slain by Duvessa

Illustrated notes

Levels and vault maps discovered:
D:1:      psy_arrival_radial02, layout_loops_ring
D:2:      layout_loops_ring, serial_shops, shop, basic_altar,
          kennysheep_generic_room_2, uniq_jessica, uniq_robin
D:3:      layout_basic, nzn_wu_jian_council_hall, grunt_ministairs_13
D:4:      layout_loops_ring, zin_scriptorium, gammafunk_ghost_cemetery,
          lightli_ossuary_entry_decrepit_ruins, uniq_sigmund
D:5:      layout_basic, gammafunk_temple_overflow_arena, minivault_26,
          uniq_crazy_yiuf_cottage
D:6:      layout_basic, nicolae_overflow_crystal_walls, temple_doors_e,
          minmay_fountain_box, uniq_eustachio, uniq_duvessa
Temple:   dpeg_chambers_temple

Skill      XL: |  1  2  3  4  5  6  7  8 |
---------------+-------------------------+-----
Stealth        | 3 4 5 |  5.0
Ranged Weapons | 5 |  5.5
Shapeshifting  | 3 6 8 9 |  9.7
Fighting       | |  1.5
Dodging        | |  2.6

Action                     |  1- 3 |  4- 6 |  7- 9 || total
---------------------------+-------+-------+-------++-------
   Fire: Shortbow          |   129 |   197 |    92 ||   418
  Evoke: Wand              |       |       |     3 ||     3
    Use: Scroll            |     3 |     7 |     3 ||    13
         Potion            |     1 |       |       ||     1
 Armour: Robe              |     2 |     4 |     3 ||     9
  Dodge: Dodged            |    27 |    45 |    42 ||   114
   Form: Beast             |       |     1 |       ||     1

Table legend: (Time is in decaauts)
 A = Elapsed time spent in this place.
 B = Non-inter-level travel time spent in this place.
 C = Inter-level travel time spent in this place.
 D = Time resting spent in this place.
 E = Time spent auto-exploring this place.
 F = Levels seen in this place.
 G = Mean time per level.
                   A        B        C        D        E       F      G
               +--------+--------+--------+--------+--------+-----+--------+
         Total |   3586 |   3434 |    152 |    161 |   2463 |   8 |  448.2 |
       Dungeon |   3008 |   2885 |    123 |    161 |   2114 |   6 |  501.3 |
        Temple |     35 |      6 |     29 |      0 |      0 |   1 |   35.0 |
       Ossuary |    542 |    542 |      0 |      0 |    349 |   1 |  542.0 |
               +--------+--------+--------+--------+--------+-----+--------+

Top non-repeatable levels by time:
     D:1: 695 daAuts
     D:5: 674 daAuts
     D:4: 653 daAuts
 Ossuary: 542 daAuts
     D:3: 476 daAuts
     D:6: 255 daAuts
     D:2: 253 daAuts
  Temple: 35 daAuts
